 Seeded DCSS version 0.30-a0-576-g89cddaab80 (webtiles) character file.

Game seed: 6318147434670656200 (custom seed)

3365 purpskrrrp the Fighter (level 10, -1/86 HPs)
             Began as a Formicid Fighter on Dec 31, 2022.
             Was an Initiate of Gozag.
             Slain by a killer bee (7 damage)
             ... on level 8 of the Dungeon.
             The game lasted 00:16:02 (9177 turns).

purpskrrrp the Fighter (Formicid Fighter)           Turns: 9177, Time: 00:16:03

Health: -1/86      AC:  8    Str: 25    XL:     10   Next: 23%
Magic:  10/10      EV: 10    Int: 14    God:    Gozag
Gold:   348        SH:  0    Dex: 13    Spells: 9/9 levels left

rFire   + . .      SeeInvis +    e - +2 giant spiked club (chaos)
rCold   + . .      Faith    .    (shield currently unavailable)
rNeg    . . .      Spirit   .    b - +0 scale mail
rPois   .          Reflect  .    (helmet unavailable)
rElec   .          Harm     .    r - scarf {rC+ rF+}
rCorr   +          Rampage  .    (no gloves)
Will    +....                    (no boots) Stlth
                                 y - amulet of magic regeneration
HPRegen 0.34/turn                n - +6 ring of intelligence
MPRegen 0.52/turn                F - ring of resist corrosion

@: lethally poisoned (-1 -> -13), gold aura
A: permanent stasis, dig shafts and tunnels, antennae 3, four strong arms
a: Dig, Shaft Self, Renounce Religion, Potion Petition, Call Merchant, Bribe
Branch


You were on level 8 of the Dungeon.
You worshipped Gozag.
Gozag was aware of your devotion.
You visited 2 branches of the dungeon, and saw 9 of its levels.

You collected 461 gold pieces.
You paid 113 gold pieces to Gozag.

Inventory:

Hand Weapons
 a - a +0 flail
 d - a +0 giant club of flaming
 e - a +2 giant spiked club of chaos (weapon)
Armour
 b - a +0 scale mail (worn)
 c - a +0 buckler
 r - a scarf of resistance (worn)
 D - +0 steam dragon scales
Jewellery
 n - a +6 ring of intelligence (left hand)
 y - an amulet of magic regeneration (around neck)
 z - a ring of wizardry
 F - a ring of resist corrosion (right hand)
Wands
 p - a wand of flame (19)
 u - a wand of digging (6)
 w - a wand of polymorph (1)
Scrolls
 f - 3 scrolls of teleportation
 i - a scroll of fear
 j - a scroll of identify
 k - 2 scrolls of vulnerability
 v - 2 scrolls of fog
 C - 2 scrolls of silence
Potions
 g - 2 potions of lignification
 h - 2 potions of invisibility
 m - 3 potions of mutation
 q - a potion of degeneration
 t - 2 potions of magic
 x - 2 potions of resistance
 A - 2 potions of curing
 B - a potion of attraction
 E - a potion of cancellation


   Skills:
 * Level 10.4 Fighting
 * Level 7.7 Maces & Flails
 + Level 7.7 Armour
 - Level 6.4 Shields


You had 9 spell levels left.
You didn't know any spells.
Your spell library contained the following spells:

 Spells                   Type           Power      Damage    Failure   Level
 Sandblast                Erth           0%         2d4       52%         1
 Summon Small Mammal      Summ           0%         N/A       52%         1
 Sublimation of Blood     Necr           0%         N/A       67%         2
 Call Canine Familiar     Summ           0%         N/A       88%         3
 Summon Guardian Golem    Hex/Summ       0%         N/A       88%         3
 Leda's Liquefaction      Hex/Erth       0%         N/A       99%         4
 Petrify                  Tmut/Erth      0%         N/A       99%         4
 Summon Lightning Spire   Summ/Air       0%         N/A       99%         4
 Irradiate                Conj/Tmut      0%         3d11      100%        5
 Orb of Destruction       Conj           0%         9d5       100%        7
 Spellforged Servitor     Conj/Summ      0%         N/A       100%        7
 Chain Lightning          Conj/Air       0%         N/A       100%        9
 Fire Storm               Conj/Fire      0%         5d1       100%        9
 Shatter                  Erth           0%         3d5*      100%        9


Dungeon Overview and Level Annotations

Branches:
Dungeon (8/15)             Temple (1/1) D:7
   Lair: D:8-11

Altars:
Ashenzari
Cheibriados
Dithmenos
Elyvilon
Fedhas
Gozag
Hepliaklqana
Kikubaaqudgha
Makhleb
Nemelex Xobeh
Okawaru
Qazlal
Ru
Sif Muna
Trog
Uskayaw
Vehumet
Wu Jian
Xom
Yredelemnul
Zin
The Shining One

Shops:
D:1 *   D:3 [   D:7 =


Innate Abilities, Weirdness & Mutations

You cannot be hasted, slowed, berserked, paralysed or teleported.
You can dig through walls and to a lower floor.
You have a pair of large antennae on your head. (SInv)
Your four strong arms can wield two-handed weapons with a shield.


Message History

You feel very sick. The killer bee barely misses you.
The killer bee stings you. x2
You miss the killer bee.
You feel sick. The killer bee barely misses you. The killer bee stings you.
You barely miss the killer bee.
You feel sick. The killer bee stings you.
The killer bee stings you but does no damage.
The killer bee stings you.
You closely miss the killer bee.
You feel sick. The killer bee stings you. The killer bee barely misses you.
The killer bee stings you.
You are more poisoned.
The killer bee poisons you!
You miss the killer bee.
You feel very sick. The killer bee barely misses you.
The killer bee stings you but does no damage.
The killer bee stings you.
You are more poisoned.
The killer bee poisons you!
You barely miss the killer bee.
You feel very sick. The killer bee stings you.
* * * LOW HITPOINT WARNING * * *
You are more poisoned.
The killer bee poisons you! The killer bee closely misses you.
The killer bee stings you but does no damage.
You pound the killer bee like an anvil!!!
You burn the killer bee!
You kill the killer bee!
* * * LOW HITPOINT WARNING * * *
You feel very sick. The killer bee barely misses you.
The killer bee stings you.
* * * LOW HITPOINT WARNING * * *
You are more poisoned.
The killer bee poisons you!
You miss the killer bee.
* * * LOW HITPOINT WARNING * * *
You feel extremely sick. The killer bee stings you!
You die...
Your body crumbles into a pile of gold.

#.#.###.# #...#
#.##....# #..
#.#####.# #.#
#.# #.# #.# #.#
#.# ) #.# #.#
... #.#####.#
#######y..#.
#.......#
#..@yyyy....
####....#
#.#####...##
#.##.# #.# ##
#.##.# ###.####
#.##.####......#
#.....^..(..##.#
############# #


You could see 5 killer bees.

Vanquished Creatures
  A hornet (D:8)
  Sigmund (D:2)
  3 steam dragons
  2 sky beasts (D:7)
  4 ice beasts
  A black bear (D:6)
  5 ogres
  A centaur (D:8)
  2 phantoms
  2 bullfrogs (D:7)
  A gnoll sergeant (D:6)
  4 scorpions
  A necrophage (D:6)
  A killer bee (D:8)
  2 jellies
  6 hounds
  A gnoll bouda (D:5)
  An orc priest (D:4)
  Ijyb (D:3)
  3 iguanas
  An orc wizard (D:4)
  A mummy (D:5)
  Robin (D:3)
  16 gnolls
  6 adders
  A white imp (D:6)
  2 ufetubi
  2 worms (D:2)
  4 dart slugs
  12 orcs
  5 endoplasms
  A giant cockroach (D:2)
  14 goblins
  11 hobgoblins
  6 jackals
  8 quokkas
  5 ball pythons
  9 bats
  2 frilled lizards
  A hobgoblin zombie (D:5)
  8 kobolds
  A kobold zombie (D:5)
  4 rats
164 creatures vanquished.

Notes
Turn   | Place    | Note
-------+----------+-------------------------------------------
     0 | D:1      | purpskrrrp the Formicid Fighter began the quest for the
                  | Orb.
     0 | D:1      | Reached XP level 1. HP: 18/18 MP: 1/1
    66 | D:1      | Reached XP level 2. HP: 24/24 MP: 2/2
   537 | D:1      | Found Nagar's General Store.
   669 | D:1      | Reached XP level 3. HP: 30/30 MP: 3/3
   795 | D:2      | Reached skill level 4 in Fighting
  1096 | D:2      | Got the Book of Creative Earth
  1109 | D:2      | Reached XP level 4. HP: 37/37 MP: 4/4
  1326 | D:2      | Noticed Sigmund
  1338 | D:2      | Killed Sigmund
  1339 | D:2      | Reached skill level 5 in Fighting
  1339 | D:2      | Reached XP level 5. HP: 32/45 MP: 5/5
  1339 | D:2      | Reached XP level 6. HP: 36/51 MP: 6/6
  1583 | D:2      | Found a glowing golden altar of the Shining One.
  1701 | D:3      | Noticed Ijyb
  1707 | D:3      | Killed Ijyb
  1716 | D:3      | Noticed Robin
  1724 | D:3      | You fall into a shaft and drop 3 floors!
  1891 | D:6      | Noticed an ogre
  1896 | D:6      | Killed an ogre
  1897 | D:6      | Reached skill level 6 in Fighting
  1927 | D:6      | Reached XP level 7. HP: 53/58 MP: 7/7
  1935 | D:5      | Entered Level 5 of the Dungeon
  1995 | D:5      | Reached skill level 5 in Armour
  2309 | D:4      | Found a snail-covered altar of Cheibriados.
  2323 | D:4      | Found an ancient bone altar of Kikubaaqudgha.
  2858 | D:3      | Reached skill level 7 in Fighting
  2995 | D:3      | Reached skill level 5 in Shields
  2995 | D:3      | Reached XP level 8. HP: 64/67 MP: 8/8
  3152 | D:3      | Killed Robin
  3294 | D:3      | Found Hurghutum's Antique Armour Shoppe.
  3825 | D:4      | Noticed Eustachio
  4411 | D:4      | Eustachio changed into Eustachio the steam dragon
  4411 | D:4      | Noticed Eustachio
  4420 | D:4      | Killed Eustachio the steam dragon
  5161 | D:5      | Reached skill level 8 in Fighting
  5161 | D:5      | Reached skill level 5 in Maces & Flails
  5462 | D:5      | You fall into a shaft and drop 2 floors!
  5527 | D:7      | Reached XP level 9. HP: 67/75 MP: 9/9
  6278 | D:5      | Reached skill level 9 in Fighting
  7727 | D:7      | Found a staircase to the Ecumenical Temple.
  7788 | Temple   | Entered the Ecumenical Temple
  7997 | Temple   | Became a worshipper of Gozag Ym Sagoz the Greedy
  8036 | D:7      | Found Amappukk's Jewellery Shoppe.
  8191 | D:7      | Reached XP level 10. HP: 82/85 MP: 10/10
  8262 | D:7      | Reached skill level 10 in Fighting
  9177 | D:8      | Slain by a killer bee

Illustrated notes

Levels and vault maps discovered:
D:1:      spicycebolla_arrival_ecumenical, layout_loops_ring, serial_forest,
          infiniplex_forest_clump_tiny, infiniplex_forest_clump_tiny,
          infiniplex_forest_clump_small, infiniplex_forest_clump_tiny,
          infiniplex_forest_lined_corner, infiniplex_forest_diagonal,
          infiniplex_forest_lined_4_way, infiniplex_forest_lined_1,
          serial_shops, shop, serial_park_tiny_1, minivault_23, minivault_5,
          minmay_hexomino_f4
D:2:      layout_loops_cross, basic_altar, uniq_sigmund
D:3:      layout_rooms, serial_shops, nicolae_shop_crystal, uniq_robin,
          uniq_ijyb
D:4:      layout_cave_pools, chequers_temple_overflow_statue_of_worship,
          serial_co_window_serial, co_window_corner_a, co_window_corner_a,
          co_window_corner_a, co_window_paths_a, co_window_corner_a,
          co_window_corner_a, co_window_corner_a, co_window_paths_b,
          co_window_paths_a, co_window_corner_b, co_window_unsneaky_path_a,
          co_window_cross_3, co_window_corner_b, co_window_paths_d,
          glass_columns_a, glass_columns_c, uniq_eustachio
D:5:      layout_gridville, nicolae_ossuary_entry_giza
D:6:      layout_rooms
D:7:      layout_layer_cave, temple_green, serial_shops, shop_statue,
          uniq_menkaure
D:8:      layout_loops_ring
Temple:   nicolae_temple_bog_church

Skill      XL: |  1  2  3  4  5  6  7  8  9 10 |
---------------+-------------------------------+-----
Fighting       | 4 5 6 7 8 9 10 | 10.4
Maces & Flails | 3 4 5 7 |  7.7
Armour         | 4 5 6 7 |  7.7
Shields        | 5 6 |  6.4

Action                   |  1- 3 |  4- 6 |  7- 9 | 10-12 || total
-------------------------+-------+-------+-------+-------++-------
Melee: Flail             |    89 |    97 |   313 |       ||   499
       Giant spiked club |       |       |   153 |    39 ||   192
 Abil: Shaft Self        |       |     1 |       |       ||     1
Evoke: Wand              |       |       |     2 |       ||     2
  Use: Scroll            |       |     1 |     3 |    18 ||    22
       Potion            |       |     1 |     4 |     1 ||     6
Armor: Scale mail        |    42 |    68 |   244 |    39 ||   393
       Skin              |       |       |     4 |       ||     4
Dodge: Dodged            |    55 |    79 |   265 |    40 ||   439
Block: Buckler           |    21 |    45 |    92 |       ||   158

Table legend: (Time is in decaauts)
 A = Elapsed time spent in this place.
 B = Non-inter-level travel time spent in this place.
 C = Inter-level travel time spent in this place.
 D = Time resting spent in this place.
 E = Time spent auto-exploring this place.
 F = Levels seen in this place.
 G = Mean time per level.
                   A        B        C        D        E       F      G
               +--------+--------+--------+--------+--------+-----+--------+
         Total |   9395 |   9198 |    197 |   1782 |   5641 |   9 | 1043.9 |
       Dungeon |   9159 |   8979 |    180 |   1782 |   5468 |   8 | 1144.9 |
        Temple |    236 |    219 |     17 |      0 |    173 |   1 |  236.0 |
               +--------+--------+--------+--------+--------+-----+--------+

Top non-repeatable levels by time:
     D:5: 1795 daAuts
     D:7: 1756 daAuts
     D:4: 1643 daAuts
     D:6: 1037 daAuts
     D:3: 1000 daAuts
     D:2: 938 daAuts
     D:1: 809 daAuts
  Temple: 236 daAuts
     D:8: 178 daAuts
